 Dungeon Crawl Stone Soup version 0.30-a0-596-g0af90f9a20 (webtiles) character file.

Game seed: 5568063790273189875

29225 OTABOTABOTAB the Transmogrifier (level 13, 0/108 HPs)
             Began as an Octopode Transmuter on Jan 7, 2023.
             Was an Initiate of Gozag.
             Slain by an elephant (11 damage)
             ... on level 5 of the Lair of Beasts.
             The game lasted 00:47:41 (21995 turns).

OTABOTABOTAB the Transmogrifier (OpTm)             Turns: 21995, Time: 00:47:41

Health: 0/108      AC:  9    Str:  9    XL:     13   Next: 43%
Magic:  12/17      EV: 15    Int: 21    God:    Gozag
Gold:   1218       SH:  5    Dex: 18    Spells: 2/18 levels left

rFire   x . .      SeeInvis .      - Unarmed
rCold   + + +      Faith    .    (shield currently unavailable)
rNeg    . . .      Spirit   .    (helmet currently unavailable)
rPois   +          Reflect  +    w - amulet of reflection
rElec   .          Harm     .    C - ring of protection from cold {rC+, !d}
rCorr   .          Rampage  .    B - +6 ring of dexterity
Will    +....                    E - ring of wizardry {Wiz+, !d}
Stlth   ++                       N - ring of protection from cold {rC+, !d}
HPRegen 0.38/turn                W - ring of willpower
MPRegen 0.15/turn                (no ring)
                                 (no ring)
                                 (no ring)

@: ice-form, gold aura
A: freezing attack, boosted hp, almost no armour, amphibious, 8 rings, large,
(camouflage 1), (gelatinous body 1), (nimble swimmer 1), (tentacles)
a: End Transformation, Renounce Religion, Potion Petition, Call Merchant, Bribe
Branch


You were on level 5 of the Lair of Beasts.
You worshipped Gozag.
Gozag was most pleased with you.
You were a creature of crystalline ice.
You visited 3 branches of the dungeon, and saw 17 of its levels.
You also visited: Ossuary.

You collected 3474 gold pieces.
You paid 2256 gold pieces to Gozag.

Inventory:

Missiles
 n - 5 javelins
 s - 116 stones
 D - 3 curare-tipped darts
 I - a throwing net {=f, !d}
Armour
 o - a +0 buckler (melded)
   (You found it on level 3 of the Dungeon)
 G - a +2 hat of willpower (melded)
   (You took it off Gastronok on level 11 of the Dungeon)
Magical Staves
 d - a staff of air {rElec}
   (You found it on level 1 of the Dungeon)
 T - a staff of fire {rF+}
   (You found it on level 1 of the Lair of Beasts)
Jewellery
 w - an amulet of reflection (around neck)
   (You took it off a wight on level 7 of the Dungeon)
 B - a +6 ring of dexterity (right front paw)
   (You found it on level 7 of the Dungeon)
 C - a ring of protection from cold (left front paw) {rC+, !d}
   (You found it on level 4 of the Dungeon)
 E - a ring of wizardry (on tentacle) {Wiz+, !d}
   (You took it off a kobold brigand on level 7 of the Dungeon)
 K - an amulet of guardian spirit {Spirit}
   (You found it on level 9 of the Dungeon)
 N - a ring of protection from cold (on tentacle) {rC+, !d}
   (You took it off a kobold on level 10 of the Dungeon)
 W - a ring of willpower (on tentacle)
   (You found it on level 2 of the Lair of Beasts)
 X - an amulet of magic regeneration
   (You found it on level 2 of the Lair of Beasts)
Wands
 c - a wand of iceblast (28)
   (You found it on level 5 of the Dungeon)
 g - a wand of polymorph (7)
   (You found it on level 10 of the Dungeon)
 j - a wand of acid (4)
   (You found it on level 4 of the Lair of Beasts)
 H - a wand of mindburst (2)
   (You found it on level 9 of the Dungeon)
 J - a wand of paralysis (14)
   (You found it on level 9 of the Dungeon)
 Q - a wand of flame (10)
   (You found it on level 10 of the Dungeon)
 Z - a wand of digging (4)
   (You found it on level 5 of the Lair of Beasts)
Scrolls
 a - 2 scrolls of teleportation
 f - 3 scrolls of magic mapping {!r}
 h - 2 scrolls of noise {!r}
 k - 4 scrolls of poison {!r}
 l - 2 scrolls of immolation {!r}
 r - 12 scrolls of identify
 x - a scroll of torment {!r}
 y - 3 scrolls of brand weapon
 F - 2 scrolls of silence
 O - a scroll of butterflies
 R - a scroll of amnesia
 U - a scroll of fear
 Y - a scroll of enchant weapon
Potions
 b - 2 potions of magic
 e - 2 potions of flight
 i - 2 potions of cancellation
 m - 5 potions of mutation {!q}
 p - 2 potions of ambrosia
 q - 2 potions of attraction {!q}
 t - 9 potions of curing
 z - 4 potions of berserk rage {!q}
 A - 4 potions of brilliance
 L - a potion of resistance
 M - a potion of might
 P - 7 potions of lignification {!q}
 V - 2 potions of haste
Miscellaneous
 S - a phantom mirror
   (You found it on level 1 of the Lair of Beasts)


   Skills:
 - Level 9.4 Fighting
 - Level 9.6 Dodging
 - Level 11.9 Unarmed Combat
 + Level 3.2 Spellcasting
 * Level 12.3 Transmutations
 - Level 5.0 Ice Magic
 * Level 4.1 Earth Magic
 - Level 3.0 Poison Magic


You had 2 spell levels left.
You knew the following spells:

 Your Spells              Type           Power      Damage    Failure   Level
a - Beastly Appendage     Tmut           100%       N/A       1%          1
b - Wereblood             Tmut           53%        N/A       1%          2
c - Spider Form           Tmut/Pois      35%        N/A       1%          3
d - Ice Form              Ice/Tmut       39%        N/A       1%          4
e - Statue Form           Tmut/Erth      25%        N/A       26%         6

Your spell library contained the following spells:

 Spells                   Type           Power      Damage    Failure   Level
 Necrotise                Necr           12%        1d4       5%          1
 Vampiric Draining        Necr           3%         2d6       16%         3
 Leda's Liquefaction      Hex/Erth       6%         N/A       22%         4
 Lee's Rapid Deconstruct  Erth           10%        3d8*      26%         5
 Agony                    Necr           3%         N/A       78%         5


Dungeon Overview and Level Annotations

Branches:
Dungeon (11/15)            Temple (1/1) D:6            Lair (5/5) D:8
 Shoals (0/4) Lair:3       Spider (0/4) Lair:3        Slime (0/5) Lair:4
Ossuary (visited)
    Orc: D:9-12

Altars:
Ashenzari
Cheibriados
Dithmenos
Elyvilon
Fedhas
Gozag
Hepliaklqana
Kikubaaqudgha
Makhleb
Nemelex Xobeh
Okawaru
Qazlal
Ru
Sif Muna
Trog
Uskayaw
Vehumet
Wu Jian
Xom
Yredelemnul
Zin
The Shining One
Jiyva

Shops:
D:4 (   D:9 =   Lair:1 ?   Lair:2 *

Annotations:
D:11 3 runed translucent doors, drugrobin's ghost, journeyman DgDe
Lair:4 1 runed translucent door


Innate Abilities, Weirdness & Mutations

You are a creature of crystalline ice.
You have a powerful freezing melee attack.
Your maximum health is increased.
Your armour is entirely melded.
You are incapable of wielding weapons or throwing items.
You cannot wear most types of armour.
You are amphibious.
You can wear up to eight rings at the same time.
((Your skin changes colour to match your surroundings (Stealth+).))
((Your rubbery body absorbs attacks. (AC +1, EV +1)))
((You are camouflaged when in or above water. (Stealth+)))
((You have tentacles for arms and can constrict up to eight enemies at once.))


Message History

You take 10 damage, and have 80/90 hp.
You turn into a venomous arachnid creature.
Your +2 hat of willpower melds into your body.
Your +0 buckler melds into your body.
You feel less strong-willed.
You feel very sick. The cane toad closely misses you.
The elephant tramples you!!
You stumble backwards!
You take 25 damage, and have 55/90 hp.
MASSIVE DAMAGE!!
You now have 14/17 mp.
You bite the cane toad!
You feel very sick. The elephant barely misses you.
You block the elephant's attack. The cane toad misses you.
You take 3 damage, and have 52/90 hp.
You hit the cane toad but do no damage.
You feel very sick. The cane toad barely misses you.
You take 2 damage, and have 50/90 hp.
You barely miss the cane toad.
You feel very sick. The elephant completely misses you.
You block the elephant's attack. The cane toad completely misses you.
You take 3 damage, and have 47/90 hp.
You bite the cane toad!
You feel sick. The elephant closely misses you.
The elephant completely misses you.
You take 2 damage, and have 45/90 hp.
You hit the cane toad but do no damage.
You feel sick. The cane toad completely misses you.
You block the elephant's attack. The elephant completely misses you.
You take 1 damage, and have 44/90 hp.
You bite the cane toad!
You feel sick. The cane toad completely misses you.
You take 1 damage, and have 43/90 hp.
You hit the cane toad but do no damage.
The cane toad is poisoned.
You feel sick. The elephant closely misses you.
The elephant trunk-slaps you but does no damage.
The cane toad closely misses you.
You take 1 damage, and have 42/90 hp.
You hit the cane toad.
You feel sick. The elephant misses you. The elephant barely misses you.
The cane toad closely misses you.
You take 1 damage, and have 41/90 hp.
You hit the cane toad.
The cane toad looks as sick as possible!
You feel sick. The cane toad misses you. The elephant closely misses you.
The elephant completely misses you.
You barely miss the cane toad.
You feel sick. The cane toad completely misses you. The elephant tramples you!!
* * * LOW HITPOINT WARNING * * *
You hold your ground!
The elephant closely misses you.
You take 19 damage, and have 22/90 hp.
MASSIVE DAMAGE!!
You hit the cane toad. The cane toad stings you.
* * * LOW HITPOINT WARNING * * *
You are lethally poisoned!
The cane toad poisons you!
You take 3 damage, and have 19/90 hp.
You feel much better.
You feel extremely sick.
A cane toad comes into view.
The elephant tramples you!
You hold your ground!
The elephant trunk-slaps you.
* * * LOW HITPOINT WARNING * * *
The cane toad completely misses you.
You regained 4 hp, and now have 23/90 hp.
You feel better.
The cane toad gives a loud, deep croak!
The elephant barely misses you. The elephant misses you.
The cane toad completely misses you.
You regained 9 hp, and now have 32/90 hp.
Okay, then.
Unknown command.
Your transformation has ended.
Your +2 hat of willpower unmelds from your body.
Your +0 buckler unmelds from your body.
You feel strong-willed.
You turn into a creature of crystalline ice.
Your +2 hat of willpower melds into your body.
Your +0 buckler melds into your body.
You feel less strong-willed.
You kill the cane toad!
The elephant tramples you.
You hold your ground!
The elephant misses you.
You now have 36/108 hp.
You block the elephant's attack. The elephant completely misses you.
You see here 6 gold pieces.
You hit the elephant but do no damage. The elephant tramples you!
* * * LOW HITPOINT WARNING * * *
You stumble backwards!
You take 13 damage, and have 23/108 hp.
You hit the elephant but do no damage. The elephant closely misses you.
The elephant trunk-slaps you but does no damage.
You hit the elephant. You freeze the elephant. The cane toad barely misses you.
The elephant tramples you but does no damage.
The elephant trunk-slaps you but does no damage.
You punch the elephant! You freeze the elephant. The cane toad stings you!
* * * LOW HITPOINT WARNING * * *
The elephant barely misses you. The elephant trunk-slaps you.
* * * LOW HITPOINT WARNING * * *
You take 14 damage, and have 10/108 hp.
You feel better. The cane toad stings you!
* * * LOW HITPOINT WARNING * * *
The elephant tramples you!
You die...
Your body crumbles into a pile of gold.

.......# ...[... ##
#.....# #.###.....
###.#..... #........
#......F# #......Y##
##.....Y.## #......<.P#
##......### ### #.......#
####.######......#### ###
P##.#...##........#.#....
.....................Y...
.........................


You could see an elephant and a cane toad.

Vanquished Creatures
  Gastronok (D:11)
  2 hydras (Lair:3)
  A catoblepas (Lair:3)
  Erica (D:10)
  5 two-headed ogres
  2 black mambas
  4 cane toads
  A rime drake (Lair:4)
  4 komodo dragons
  A troll (D:11)
  Grinder (D:6)
  3 polar bears (Lair:3)
  11 blink frogs
  A culicivora (Lair:3)
  A jumping spider (Lair:3)
  6 wyverns
  31 yaks
  3 steam dragons
  Eustachio (D:4)
  A basilisk (Lair:2)
  4 vampire mosquitoes (D:10)
  5 redbacks (Lair:3)
  Edmund (D:6)
  2 acid dragons (D:11)
  13 water moccasins
  2 black bears
  5 sky beasts
  8 orc warriors
  2 ogres
  13 wolves
  A phantom (D:4)
  6 centaurs
  6 kobold brigands
  4 elf zombies
  A gnoll sergeant (D:9)
  15 bullfrogs
  A water moccasin zombie (D:4)
  A scorpion (D:3)
  15 wights
  4 killer bees
  2 electric eels
  7 howler monkeys
  A jelly (D:7)
  2 centaur zombies (Ossuary)
  A gnoll bouda (D:7)
  4 human zombies
  7 orc priests
  3 hounds
  Natasha (twice) (D:2)
  4 iguanas
  6 orc wizards
  5 scorpion zombies (D:4)
  A human skeleton (D:7)
  4 hound zombies (D:4)
  2 mummies (Ossuary)
  A howler monkey zombie (D:4)
  Robin (D:2)
  4 gnolls (D:9)
  A howler monkey skeleton (D:4)
  7 adders
  A white imp (D:8)
  2 ufetubi
  5 adder zombies
  3 adder skeletons (D:4)
  A worm (D:5)
  6 dart slugs
  24 orcs
  4 ball pythons
  4 endoplasms
  5 giant cockroaches
  16 goblins
  7 hobgoblins
  12 jackals (D:1)
  21 kobolds
  6 quokkas
  7 bats
  2 frilled lizards
  11 hobgoblin zombies (Ossuary)
  10 kobold zombies (Ossuary)
  7 orc zombies (Ossuary)
  11 rats
  3 rat zombies (Ossuary)
423 creatures vanquished.

Vanquished Creatures (others)
  43 fungi
  84 plants
127 creatures vanquished.

Grand Total: 550 creatures vanquished

Notes
Turn   | Place    | Note
-------+----------+-------------------------------------------
     0 | D:1      | OTABOTABOTAB the Octopode Transmuter began the quest for
                  | the Orb.
     0 | D:1      | Reached XP level 1. HP: 13/13 MP: 3/3
   158 | D:1      | Reached skill level 1 in Poison Magic
   158 | D:1      | Reached XP level 2. HP: 18/18 MP: 1/5
   165 | D:1      | Learned a level 2 spell: Wereblood
   438 | D:1      | Reached XP level 3. HP: 23/23 MP: 4/6
   701 | D:1      | Reached skill level 2 in Poison Magic
   706 | D:1      | Learned a level 3 spell: Spider Form
   933 | D:2      | You fall into a shaft and drop 2 floors!
   933 | D:4      | Found an iron altar of Okawaru.
  1011 | D:4      | Reached skill level 3 in Transmutations
  1011 | D:4      | Reached XP level 4. HP: 23/28 MP: 5/7
  1045 | D:4      | Noticed Eustachio
  1091 | D:4      | Killed Eustachio
  1092 | D:4      | Reached skill level 4 in Unarmed Combat
  1092 | D:4      | Reached skill level 3 in Poison Magic
  1092 | D:4      | Reached XP level 5. HP: 11/33 MP: 6/8
  1371 | D:3      | Found a faded altar of an unknown god.
  1625 | D:3      | Reached skill level 4 in Transmutations
  1625 | D:3      | Reached XP level 6. HP: 34/38 MP: 5/9
  1855 | D:3      | Reached skill level 1 in Ice Magic
  1857 | D:3      | HP: 8/38 [poisoned by a scorpion]
  1862 | D:3      | HP: 3/38 [poisoned by a scorpion]
  3089 | D:2      | Noticed Robin
  3179 | D:2      | Killed Robin
  3180 | D:2      | Reached skill level 5 in Unarmed Combat
  3451 | D:2      | Noticed Natasha
  3469 | D:2      | Killed Natasha
  3721 | D:2      | Noticed Natasha
  3726 | D:2      | Killed Natasha
  4124 | D:4      | Reached skill level 2 in Ice Magic
  4131 | D:4      | Reached XP level 7. HP: 36/43 MP: 7/10
  4340 | D:4      | Learned a level 4 spell: Ice Form
  4597 | D:4      | Found Judyopn's Weapon Boutique.
  4629 | D:4      | Reached skill level 5 in Transmutations
  4679 | D:4      | Reached skill level 3 in Ice Magic
  5133 | D:5      | Entered Level 5 of the Dungeon
  5152 | D:4      | Reached skill level 6 in Unarmed Combat
  5152 | D:4      | Reached XP level 8. HP: 48/48 MP: 9/11
  5799 | D:5      | Reached skill level 4 in Ice Magic
  6553 | D:6      | Reached skill level 6 in Transmutations
  6594 | D:6      | Noticed Edmund
  6611 | D:6      | HP: 10/48 [Edmund/+2 dire flail of protection (17)]
  6850 | D:6      | Noticed Grinder
  7053 | D:6      | Paralysed by Grinder for 5 turns
  7062 | D:6      | Killed Grinder
  7185 | D:6      | Reached skill level 7 in Unarmed Combat
  7185 | D:6      | Reached skill level 5 in Ice Magic
  7221 | D:6      | HP: 8/57 [Edmund/+2 dire flail of protection (13)]
  7222 | D:6      | HP: 2/57 [Edmund/+2 dire flail of protection (6)]
  7224 | D:6      | Killed Edmund
  7542 | D:6      | Reached XP level 9. HP: 33/53 MP: 10/12
  7654 | D:6      | Found the +3 pair of gauntlets of War {Slay+5}
  7662 | D:6      | Reached skill level 7 in Transmutations
  7879 | D:6      | Reached skill level 2 in Fighting
  8178 | D:6      | Found a staircase to the Ecumenical Temple.
  8185 | Temple   | Entered the Ecumenical Temple
  8253 | Temple   | Became a worshipper of Gozag Ym Sagoz the Greedy
  8407 | D:6      | Reached skill level 3 in Dodging
  8721 | D:7      | Reached skill level 8 in Unarmed Combat
  8737 | D:7      | Reached skill level 3 in Fighting
  8740 | D:7      | HP: 15/67 [orc warrior/+0 flail (5)]
  8744 | D:7      | HP: 7/68 [wight/+0 scimitar (9)]
  8744 | D:7      | HP: 3/67 [wight/+0 scimitar (4)]
  9000 | D:7      | Found a radiant altar of Vehumet.
  9051 | D:7      | Reached skill level 4 in Dodging
  9156 | D:7      | Reached skill level 8 in Transmutations
  9169 | D:7      | Reached skill level 4 in Fighting
  9169 | D:7      | Reached XP level 10. HP: 47/61 MP: 11/13
  9358 | D:7      | Found a sand-covered staircase.
  9377 | Ossuary  | Entered an ossuary
 10165 | D:7      | Found a bloodstained altar of Trog.
 10250 | D:7      | Reached skill level 5 in Dodging
 10517 | D:7      | Reached skill level 9 in Unarmed Combat
 10528 | D:7      | Reached skill level 5 in Fighting
 10875 | D:7      | Found a shimmering blue altar of Sif Muna.
 11317 | D:8      | Found a staircase to the Lair.
 11389 | D:8      | Reached skill level 9 in Transmutations
 11410 | D:8      | HP: 11/79 [komodo dragon (29)]
 11421 | D:8      | Reached skill level 6 in Dodging
 11663 | D:8      | Reached skill level 6 in Fighting
 11663 | D:8      | Reached XP level 11. HP: 68/72 MP: 10/14
 11745 | D:8      | Identified the +8 dagger "Yreal" {antimagic, Str+2}
 12230 | D:8      | Found a snail-covered altar of Cheibriados.
 12923 | D:9      | Noticed a two-headed ogre
 12931 | D:9      | HP: 14/72 [two-headed ogre/+0 giant club (14)]
 12937 | D:9      | Killed a two-headed ogre
 13395 | D:9      | Reached skill level 10 in Unarmed Combat
 13575 | D:9      | Found an ornate altar of the Wu Jian Council.
 13819 | D:10     | Entered Level 10 of the Dungeon
 13819 | D:10     | Noticed a two-headed ogre
 13829 | D:10     | Noticed a two-headed ogre
 13831 | D:10     | Noticed a two-headed ogre
 13836 | D:10     | Killed a two-headed ogre
 13837 | D:10     | Reached skill level 7 in Dodging
 13845 | D:9      | Killed a two-headed ogre
 13846 | D:9      | Reached skill level 7 in Fighting
 13997 | D:10     | Noticed a two-headed ogre
 14015 | D:10     | Killed a two-headed ogre
 14016 | D:10     | Reached skill level 10 in Transmutations
 14129 | D:10     | Found a broken altar of Ashenzari.
 14333 | D:10     | Killed a two-headed ogre
 14386 | D:10     | Noticed Erica
 14399 | D:10     | Killed Erica
 15094 | D:11     | Noticed Gastronok
 15156 | D:11     | Killed Gastronok
 15157 | D:11     | Reached skill level 8 in Dodging
 15157 | D:11     | Reached XP level 12. HP: 25/82 MP: 15/15
 15289 | D:11     | Reached skill level 8 in Fighting
 15420 | D:11     | Reached skill level 11 in Unarmed Combat
 15672 | D:11     | Found a runed translucent gate.
 15978 | D:11     | Found a runed translucent gate.
 15978 | D:11     | Found a runed translucent gate.
 15978 | D:11     | Noticed drugrobin's ghost (journeyman DgDe)
 16764 | Lair:1   | Entered Level 1 of the Lair of Beasts
 17151 | Lair:1   | Reached skill level 11 in Transmutations
 18384 | Lair:2   | Found a snail-covered altar of Cheibriados.
 18482 | Lair:2   | Reached skill level 9 in Dodging
 19151 | Lair:3   | Reached skill level 9 in Fighting
 19279 | Lair:3   | Noticed a catoblepas
 19295 | Lair:3   | HP: 18/85 [electric eel/bolt of electricity (7)]
 19316 | Lair:3   | Killed a catoblepas
 19484 | Lair:3   | Noticed a four-headed hydra
 19497 | Lair:3   | Found a hole to the Spider Nest.
 19505 | Lair:3   | Killed a four-headed hydra
 19609 | Lair:3   | Found a staircase to the Shoals.
 19725 | Lair:3   | Reached XP level 13. HP: 90/90 MP: 16/16
 19765 | Lair:3   | Learned a level 6 spell: Statue Form
 19914 | Lair:3   | Reached skill level 1 in Earth Magic
 20191 | Lair:3   | You fall into a shaft and drop 2 floors!
 20191 | Lair:5   | Entered Level 5 of the Lair of Beasts
 20232 | Lair:4   | HP: 21/90 [komodo dragon (31)]
 20275 | Lair:4   | Reached skill level 2 in Earth Magic
 20635 | Lair:3   | Reached skill level 12 in Transmutations
 20639 | Lair:3   | Reached skill level 3 in Earth Magic
 21157 | Lair:4   | Found a runed translucent door.
 21167 | Lair:4   | Reached skill level 3 in Spellcasting
 21207 | Lair:4   | Found a viscous altar of Jiyva.
 21207 | Lair:4   | Found a staircase to the Slime Pits.
 21207 | Lair:4   | Noticed an acid blob
 21208 | Lair:4   | Noticed an acid blob
 21490 | Lair:4   | Reached skill level 4 in Earth Magic
 21985 | Lair:5   | HP: 22/90 [elephant (18)]
 21991 | Lair:5   | HP: 23/108 [elephant (13)]
 21994 | Lair:5   | HP: 10/108 [elephant (2)]
 21995 | Lair:5   | Slain by an elephant

Illustrated notes

Levels and vault maps discovered:
D:1:      eino_arrival_cavern_d, layout_basic
D:2:      layout_basic, serial_glass, glass_columns_a, glass_columns_c,
          minmay_misc_feat_four_crosses, uniq_natasha, uniq_robin
D:3:      layout_basic, dreamdust_ecumenical_altar_angels_and_demons,
          chequers_serial_rivers_small_b
D:4:      layout_basic, okawaru_ov_weapons_minmay, serial_undead,
          serial_undead_d, serial_undead_d, serial_undead_f, serial_undead_b,
          serial_undead_d, serial_undead_c, serial_undead_c, serial_shops, shop,
          minmay_fountain_box, item_on_display_a, uniq_eustachio
D:5:      layout_cave_pools
D:6:      layout_gridville, temple_doors_e, uniq_edmund, uniq_grinder
D:7:      minmay_razor_zed, layout_basic, mainiacjoe_overflow_alcove_2,
          vehumet_crystals, led_sif_pool, nicolae_ossuary_entry_catacombs,
          minmay_misc_feat_room
D:8:      layout_loops_corners, kennysheep_slug_shrine,
          due_lair_maze_entry_diamond
D:9:      layout_roguey, nicolae_wu_jian_immortal_techniques
D:10:     layout_basic, nicolae_ashenzari_panopticon, uniq_erica
D:11:     layout_long_grid, gammafunk_ghost_necromancy, uniq_gastronok
Temple:   nicolae_temple_bog_church
Lair:1:   layout_small_grid, wad_woods_river_01
Lair:2:   layout_hall_layers, basic_altar
Lair:3:   layout_chaotic_city, minmay_shoals_entry_centaurs,
          nicolae_spider_entry_tight_spaces, st_stairs_3, grunt_megastairs_4,
          infiniplex_staircase_pool
Lair:4:   layout_roguey, slime_entry_2, serial_bayou_shore_a
Lair:5:   minmay_lair_end_enchanted_forest, layout_cellular_growth

Skill      XL: |  1  2  3  4  5  6  7  8  9 10 11 12 13 |
---------------+----------------------------------------+-----
Poison Magic   | 1 2 3 |  3.0
Transmutations | 3 4 5 6 8 9 10 11 12 | 12.3
Unarmed Combat | 4 5 6 7 8 9 10 11 | 11.9
Ice Magic      | 2 3 5 |  5.0
Fighting       | 4 6 7 9 |  9.4
Dodging        | 4 6 8 9 |  9.6
Earth Magic    | 4 |  4.1
Spellcasting   | 3 |  3.2

Action                   |  1- 3 |  4- 6 |  7- 9 | 10-12 | 13-15 || total
-------------------------+-------+-------+-------+-------+-------++-------
Melee: Unarmed           |    87 |   151 |   292 |   743 |   180 ||  1453
       Tentacles         |    17 |     4 |    19 |    23 |     4 ||    67
       Constrict         |    21 |     5 |    12 |    15 |     4 ||    57
       Kick              |    21 |     5 |     6 |     4 |       ||    36
       Punch             |       |     1 |     7 |     9 |     1 ||    18
       Demon blade       |       |       |     3 |       |       ||     3
       Dagger            |       |       |       |    34 |       ||    34
Throw: Stone             |     4 |     1 |     6 |       |       ||    11
       Javelin           |       |       |     5 |       |       ||     5
 Cast: Beastly Appendage |    17 |     6 |     3 |     1 |       ||    27
       Spider Form       |     1 |    22 |    11 |    30 |     6 ||    70
       Wereblood         |       |       |     2 |     3 |       ||     5
       Ice Form          |       |       |    21 |    48 |    19 ||    88
Invok: Call Merchant     |       |       |       |     3 |       ||     3
 Abil: End Transformatio |    14 |    27 |    26 |    67 |    22 ||   156
  Use: Scroll            |       |       |    20 |     5 |     1 ||    26
       Potion            |       |       |     6 |     3 |     5 ||    14
 Stab: Sleeping          |     1 |     3 |       |     6 |     2 ||    12
       Distracted        |       |       |       |     5 |     1 ||     6
Armor: Skin              |     2 |    11 |    44 |    89 |    26 ||   172
Dodge: Dodged            |    59 |   112 |   176 |   419 |   139 ||   905
Block: Other             |       |       |       |    85 |    29 ||   114
       Buckler           |       |       |       |    33 |     5 ||    38
       Reflection        |       |       |       |     5 |       ||     5

Table legend: (Time is in decaauts)
 A = Elapsed time spent in this place.
 B = Non-inter-level travel time spent in this place.
 C = Inter-level travel time spent in this place.
 D = Time resting spent in this place.
 E = Time spent auto-exploring this place.
 F = Levels seen in this place.
 G = Mean time per level.
                   A        B        C        D        E       F      G
               +--------+--------+--------+--------+--------+-----+--------+
         Total |  21775 |  21132 |    643 |   3038 |  14050 |  18 | 1209.7 |
       Dungeon |  15878 |  15359 |    519 |   2883 |   9502 |  11 | 1443.5 |
        Temple |    136 |    121 |     15 |      0 |    102 |   1 |  136.0 |
          Lair |   5150 |   5042 |    108 |    155 |   3993 |   5 | 1030.0 |
       Ossuary |    609 |    609 |      0 |      0 |    453 |   1 |  609.0 |
               +--------+--------+--------+--------+--------+-----+--------+

Top non-repeatable levels by time:
     D:4: 2095 daAuts
     D:6: 1944 daAuts
     D:7: 1893 daAuts
     D:9: 1702 daAuts
  Lair:3: 1561 daAuts
    D:11: 1545 daAuts
  Lair:1: 1470 daAuts
     D:3: 1468 daAuts
     D:8: 1309 daAuts
     D:2: 1302 daAuts
  Lair:4: 1221 daAuts
    D:10: 992 daAuts
     D:1: 928 daAuts
  Lair:2: 846 daAuts
     D:5: 694 daAuts

Table legend:
 A = Kills in this place as a percentage of kills in entire the game.
 B = Kills by you in this place as a percentage of kills by you in the entire game.
 C = Kills by friends in this place as a percentage of kills by friends in the entire game.
 D = Other kills in this place as a percentage of other kills in the entire game.
 E = Experience gained in this place as a percentage of experience gained in the entire game.
 F = Experience gained in this place divided by the number of levels of this place that you have seen.
                   A       B       C       D       E      F
               +-------+-------+-------+-------+-------+----------------------
         Total | 100.0 | 100.0 |   N/A |   N/A | 100.0 | 2319.5
       Dungeon |  70.9 |  70.9 |   N/A |   N/A |  53.3 | 2024.1
          Lair |  19.9 |  19.9 |   N/A |   N/A |  45.7 | 3815.2
       Ossuary |   9.2 |   9.2 |   N/A |   N/A |   1.0 | 410.0
               +-------+-------+-------+-------+-------+----------------------
